 Dungeon Crawl Stone Soup version 0.26.1-11-gd32895ea62 (webtiles) character file.

Game seed: 6264720651867310093

60 Gerhazo the Conjurer (level 3, -1/26 HPs)
             Began as a Draconian Conjurer on June 2, 2021.
             Slain by a worker ant (4 damage)
             ... on level 3 of the Dungeon.
             The game lasted 00:02:06 (1909 turns).

Gerhazo the Conjurer (Draconian Conjurer)           Turns: 1909, Time: 00:02:07

Health: -1/26      AC:  5    Str:  9    XL:     3   Next: 80%
Magic:  0/7        EV: 12    Int: 19    God:
Gold:   96         SH:  0    Dex:  9    Spells: 4/7 levels left

rFire    . . .     SeeInvis .   b - +0 short sword
rCold    . . .     Faith    .   (no shield)
rNeg     . . .     Spirit   .   (armour unavailable)
rPois    .         Reflect  .   (helmet restricted)
rElec    .         Harm     .   (no cloak)
rCorr    .         Rampage  .   (no gloves)
Will     .....                  (no boots)
Stlth    ++........             (no amulet)
HPRegen  0.08/turn              (no ring)
MPRegen  0.10/turn              (no ring)

@: lethally poisoned (-1 -> -9)
A: unfitting armour, cold-blooded, AC +5
a: no special abilities


You were on level 3 of the Dungeon.
You visited 1 branch of the dungeon, and saw 3 of its levels.

You collected 96 gold pieces.

Inventory:

Hand Weapons
 b - a +0 short sword (weapon)
Scrolls
 a - 2 scrolls of identify {unknown}
 d - a scroll of random uselessness {unknown}
 g - a scroll of remove curse {unknown}
Potions
 c - a potion of degeneration {unknown}
 e - a potion of attraction {unknown}
 f - a potion of lignification {unknown}


   Skills:
 - Level 1.7 Dodging
 - Level 1.7 Stealth
 + Level 2.7 Spellcasting
 * Level 5.1 Conjurations


You had 4 spell levels left.
You knew the following spells:

 Your Spells              Type           Power        Failure   Level
a - Magic Dart            Conj           84%          1%          1
b - Searing Ray           Conj           42%          3%          2

Your spell library contained the following spells:

 Spells                   Type           Power        Failure   Level
 Dazzling Flash           Conj/Hex       24%          17%         3
 Fulminant Prism          Conj/Hex       6%           50%         4
 Iskenderun's Mystic Bla  Conj/Tloc      12%          50%         4


Dungeon Overview and Level Annotations

Branches:
Dungeon (3/15)

Altars:


Innate Abilities, Weirdness & Mutations

Your plain brown scales are hard. (AC +5)
You cannot fit into any form of body armour.
You are cold-blooded and may be slowed by cold attacks.


Message History

Casting: Searing Ray (safe; 3% risk of failure)
Confirm with . or Enter, or press ? or * to list all spells.
Aiming: Searing Ray (safe; 3% risk of failure)
Press: ? - help, Shift-Dir - straight line, f - worker ant
Aim: a worker ant (22% to evade)
The searing ray hits the worker ant.
The worker ant is moderately wounded. (Press . to maintain the ray.)
The worker ant bites you.
You are lethally poisoned!
The worker ant poisons you!
The searing ray hits the worker ant.
The worker ant is heavily wounded.
You feel sick. The worker ant bites you.
* * * LOW HITPOINT WARNING * * *
The searing ray hits the worker ant.
The worker ant is almost dead.
* * * LOW HITPOINT WARNING * * *
You feel sick. The worker ant bites you.
You die...

.......$..#####
#..####.####.......
#..# #.†##### #..#
. #..##### ##..#
..#.#†.... ....
...#....# ..#
...#.#....# #.#
.....#......# #@#
.... #......# #B.#
#.# ##......# ##..
.. ........<. ####
#####..... #.....
##+###


You could see a worker ant.

Vanquished Creatures
  An ufetubus (D:3)
  A dart slug (D:1)
  2 leopard geckos
  3 giant cockroaches (D:1)
  6 goblins
  9 hobgoblins
  3 jackals (D:1)
  4 kobolds (D:1)
  A quokka (D:2)
  8 bats
  5 frilled lizards
  2 rats
45 creatures vanquished.

Vanquished Creatures (others)
  A hobgoblin (D:2)
1 creature vanquished.

Grand Total: 46 creatures vanquished

Notes
Turn   | Place    | Note
-------+----------+-------------------------------------------
     0 | D:1      | Gerhazo the Draconian Conjurer began the quest for the Orb.
     0 | D:1      | Reached XP level 1. HP: 14/14 MP: 3/3
   389 | D:1      | Reached XP level 2. HP: 20/20 MP: 1/5
   657 | D:1      | Learned a level 2 spell: Searing Ray
   873 | D:1      | Reached XP level 3. HP: 26/26 MP: 3/6
  1678 | D:2      | Reached skill level 5 in Conjurations
  1909 | D:3      | Slain by a worker ant

Illustrated notes

Levels and vault maps discovered:
D:1:      sevenhm_arrival_forest_fort_large_4, layout_basic
D:2:      layout_loops_ring, grunt_ministairs_10
D:3:      layout_basic, old_standard_altar, makhleb_heckhound_becter,
          lemuel_flame_loot_1

Skill      XL: |  1  2  3 |
---------------+----------+-----
Conjurations   | 5 |  5.1
Dodging        | |  1.7
Stealth        | |  1.7
Spellcasting   | |  2.7

Action                   || total
-------------------------++-------
Melee: Unarmed           ||    30
       Short sword       ||    35
       Tailslap          ||     5
 Cast: Magic Dart        ||    28
       Searing Ray       ||    23
Armor: Skin              ||    37
Dodge: Dodged            ||    78
